PBA
TACOMA LARKS @ PORTLAND ROSEBUDS
06/06/1915
 
TOP OF THE 1ST
Tacoma Larks batting - Pitching for Portland Rosebuds : LHP Robert Sargent
Pitching: LHP Robert Sargent
Batting: RHB James Kent 0-0: Ball
1-0: SINGLE (Line Drive, 8RS, EV 100.6 MPH)
Batting: RHB Ernesto Barnes 0-0: Sac Bunt to 13S - play at first, batter OUT! 1-3
James Kent to second
Batting: RHB Charles Thomlinson 0-0: Ball
1-0: Called Strike
1-1: Swinging Strike
1-2: Foul Ball, location: 9LDF
1-2: Ball
2-2: Ball
3-2: SINGLE (Groundball, 4MD, EV 101.9 MPH)
James Kent to third
Runner from 3rd tries for Home, SAFE, throw by CF to home
Batting: RHB David Fox 0-0: Called Strike
0-1: Ball
1-1: Called Strike
1-2: Ball
2-2: Foul Ball, location: 25F
2-2: Ball
3-2: Fielders Choice at 2nd, 4-6 (Groundball, 34, EV 86.9 MPH)
Batting: SHB Lewis Seppey 0-0: Ball
1-0: Ground out 4-3 (Groundball, 34D, EV 93.8 MPH)
Top of the 1st over - 1 run, 2 hits, 0 errors, 1 left on base; Tacoma 1 - Portland 0
BOTTOM OF THE 1ST
Portland Rosebuds batting - Pitching for Tacoma Larks : LHP John Nunnerley
Pitching: LHP John Nunnerley
Batting: SHB Jesse Brownrigg 0-0: Foul Ball, location: 2F
0-1: Called Strike
0-2: Foul Ball, location: 7LDF
0-2: Foul Ball, location: 2F
0-2: Ball
1-2: Strikes out looking
Batting: RHB Laverne Hotten 0-0: Called Strike
0-1: Ball
1-1: Ball
2-1: Ball
3-1: Fly out, F8 (Line Drive, 8LM, EV 98.1 MPH)
Batting: LHB Clark Dethwright 0-0: Ball
1-0: Foul Ball, location: 2F
1-1: Called Strike
1-2: Fly out, F9 (Line Drive, 9D, EV 100.0 MPH)
Bottom of the 1st over - 0 runs, 0 hits, 0 errors, 0 left on base; Tacoma 1 - Portland 0
TOP OF THE 2ND
Tacoma Larks batting - Pitching for Portland Rosebuds : LHP Robert Sargent
Batting: RHB Moses Snape 0-0: Called Strike
0-1: Swinging Strike
0-2: Ball
1-2: Ball
2-2: Ball
3-2: Base on Balls
Batting: RHB Buford Bonfield 0-0: Ball
1-0: Foul Ball, location: 2F
1-1: Called Strike
1-2: Foul Ball, location: 9LDF
1-2: Ball
2-2: Ball
3-2: Base on Balls
Moses Snape to second
Batting: LHB Paul Shafto 0-0: Ball
1-0: Called Strike
1-1: Called Strike
1-2: Ball
2-2: Foul Ball, location: 2F
2-2: Ball
3-2: Strikes out swinging
Batting: LHB John Nunnerley 0-0: Fly out, F6 (Line Drive, 6, EV 62.5 MPH)
Lined into DP, 6-4 (Line Drive, 6, EV 62.5 MPH)
Top of the 2nd over - 0 runs, 0 hits, 0 errors, 1 left on base; Tacoma 1 - Portland 0
BOTTOM OF THE 2ND
Portland Rosebuds batting - Pitching for Tacoma Larks : LHP John Nunnerley
Batting: RHB Bennett Carlisle 0-0: Fly out, F8 (Flyball, 89M, EV 86.9 MPH)
Batting: RHB Warner Norwood 0-0: Called Strike
0-1: Fly out, F5 (Popup, 5S, EV 71.9 MPH)
Batting: RHB Lillian Vanner 0-0: Ball
1-0: Called Strike
1-1: Ball
2-1: Foul Ball, location: 5F
2-2: Ground out 6-3 (Groundball, 6, EV 102.5 MPH)
Bottom of the 2nd over - 0 runs, 0 hits, 0 errors, 0 left on base; Tacoma 1 - Portland 0
TOP OF THE 3RD
Tacoma Larks batting - Pitching for Portland Rosebuds : LHP Robert Sargent
Batting: RHB James Kent 0-0: Ball
1-0: Swinging Strike
1-1: Called Strike
1-2: Strikes out swinging
Batting: RHB Ernesto Barnes 0-0: Ball
1-0: Ball
2-0: Ground out 4-3 (Groundball, 4, EV 105.6 MPH)
Batting: RHB Charles Thomlinson 0-0: Called Strike
0-1: Called Strike
0-2: Foul Ball, location: 9LDF
0-2: Strikes out swinging
Top of the 3rd over - 0 runs, 0 hits, 0 errors, 0 left on base; Tacoma 1 - Portland 0
BOTTOM OF THE 3RD
Portland Rosebuds batting - Pitching for Tacoma Larks : LHP John Nunnerley
Batting: RHB Samuel Kirkup 0-0: Called Strike
0-1: Called Strike
0-2: Ball
1-2: Fly out, F4 (Popup, 4D, EV 61.3 MPH)
Batting: SHB Loy Pauling 0-0: Ball
1-0: Ball
2-0: Foul Ball, location: 2F
2-1: Called Strike
2-2: Strikes out swinging
Batting: LHB Robert Sargent 0-0: Called Strike
0-1: Swinging Strike
0-2: Strikes out looking
Bottom of the 3rd over - 0 runs, 0 hits, 0 errors, 0 left on base; Tacoma 1 - Portland 0
TOP OF THE 4TH
Tacoma Larks batting - Pitching for Portland Rosebuds : LHP Robert Sargent
Batting: RHB David Fox 0-0: Ball
1-0: Ball
2-0: Ball
3-0: Ground out 6-3 (Groundball, 6, EV 83.1 MPH)
Batting: SHB Lewis Seppey 0-0: Fly out, F4 (Popup, 4, EV 53.8 MPH)
Batting: RHB Moses Snape 0-0: Ground out 6-3 (Groundball, 6, EV 88.8 MPH)
Top of the 4th over - 0 runs, 0 hits, 0 errors, 0 left on base; Tacoma 1 - Portland 0
BOTTOM OF THE 4TH
Portland Rosebuds batting - Pitching for Tacoma Larks : LHP John Nunnerley
Batting: SHB Jesse Brownrigg 0-0: Called Strike
0-1: Ball
1-1: Ball
2-1: Fly out, F7 (Flyball, 7D, EV 92.5 MPH)
Batting: RHB Laverne Hotten 0-0: Ball
1-0: Called Strike
1-1: Ball
2-1: Ball
3-1: Base on Balls
Batting: LHB Clark Dethwright 0-0: SINGLE (Line Drive, 56D, EV 95.0 MPH)
Laverne Hotten to second
Batting: RHB Bennett Carlisle 0-0: Grounds into double play, 5-4-3 (Groundball, 56, EV 101.3 MPH)
Bottom of the 4th over - 0 runs, 1 hit, 0 errors, 1 left on base; Tacoma 1 - Portland 0
TOP OF THE 5TH
Tacoma Larks batting - Pitching for Portland Rosebuds : LHP Robert Sargent
Batting: RHB Buford Bonfield 0-0: Ball
1-0: Foul Ball, location: 25FF
1-1: DOUBLE (Line Drive, 7LM, EV 106.9 MPH)
Batting: LHB Paul Shafto 0-0: Ball
1-0: Swinging Strike
1-1: Ball
2-1: Called Strike
2-2: Ball
3-2: Base on Balls
Batting: LHB John Nunnerley 0-0: Sac Bunt to 15S - play at first, batter OUT! 1-4
Buford Bonfield to third
Paul Shafto to second
Batting: RHB James Kent 0-0: Fielders Choice at home, 5-2 (Groundball, 56, EV 84.4 MPH)
Paul Shafto to third
Batting: RHB Ernesto Barnes 0-0: Ball
1-0: Called Strike
1-1: Ball
2-1: SINGLE (Line Drive, 56D, EV 107.5 MPH)
Paul Shafto scores
James Kent to second
Batting: RHB Charles Thomlinson 0-0: Foul Ball, location: 5SF
0-1: 3-RUN HOME RUN (Flyball, 78XD, EV 106.3 MPH), Distance : 401 ft
Pitching: RHP John Thorne
Batting: RHB David Fox 0-0: Foul Ball, location: 25F
0-1: Called Strike
0-2: Ball
1-2: Ball
2-2: Foul Ball, location: 23F
2-2: Foul Ball, location: 5SF
2-2: Foul Ball, location: 9LDF
2-2: Foul Ball, location: 2F
2-2: Ball
3-2: Foul Ball, location: 25F
3-2: Ground out 1-3 (Groundball, 13S, EV 61.9 MPH)
Top of the 5th over - 4 runs, 3 hits, 0 errors, 0 left on base; Tacoma 5 - Portland 0
BOTTOM OF THE 5TH
Portland Rosebuds batting - Pitching for Tacoma Larks : LHP John Nunnerley
Batting: RHB Warner Norwood 0-0: Ball
1-0: DOUBLE (Line Drive, 89XD, EV 110.0 MPH)
Batting: RHB Lillian Vanner 0-0: Fly out, F8 (Line Drive, 8RS, EV 101.9 MPH)
Batting: RHB Samuel Kirkup 0-0: Called Strike
0-1: Ground out 5-3 (Groundball, 56S, EV 86.3 MPH)
Batting: SHB Loy Pauling 0-0: Called Strike
0-1: Ball
1-1: Ground out 5-3 (Groundball, 5S, EV 85.0 MPH)
Bottom of the 5th over - 0 runs, 1 hit, 0 errors, 1 left on base; Tacoma 5 - Portland 0
TOP OF THE 6TH
Tacoma Larks batting - Pitching for Portland Rosebuds : RHP John Thorne
Batting: SHB Lewis Seppey 0-0: Ball
1-0: Ball
2-0: Ball
3-0: Called Strike
3-1: Base on Balls
Batting: RHB Moses Snape 0-0: Foul Ball, location: 7LDF
0-1: Foul Ball, location: 5F
0-2: Ball
1-2: Foul Ball, location: 2F
1-2: DOUBLE (Groundball, 5L, EV 107.5 MPH)
Lewis Seppey to third
Lewis Seppey scores
Batting: RHB Buford Bonfield 0-0: Ball
1-0: Foul Ball, location: 5F
1-1: Called Strike
1-2: Ball
2-2: Fly out, F8 (Flyball, 8RD, EV 107.5 MPH)
Batting: LHB Paul Shafto 0-0: Ball
1-0: Swinging Strike
1-1: Ball
2-1: Fly out, F4 (Popup, 34S, EV 88.1 MPH)
Batting: LHB John Nunnerley 0-0: Ball
1-0: Ball
2-0: Swinging Strike
2-1: SINGLE (Line Drive, 89S, EV 81.3 MPH)
Moses Snape to third
Runner from 3rd tries for Home, SAFE, throw by RF to home
Batting: RHB James Kent 0-0: Ball
1-0: Called Strike
1-1: Swinging Strike
1-2: Foul Ball, location: 2F
1-2: Strikes out swinging
Top of the 6th over - 2 runs, 2 hits, 0 errors, 1 left on base; Tacoma 7 - Portland 0
BOTTOM OF THE 6TH
Portland Rosebuds batting - Pitching for Tacoma Larks : LHP John Nunnerley
Batting: RHB John Thorne 0-0: Called Strike
0-1: Called Strike
0-2: Foul Ball, location: 2F
0-2: Fly out, F9 (Flyball, 9, EV 84.4 MPH)
Batting: SHB Jesse Brownrigg 0-0: Ball
1-0: Reached on error, E4 (Groundball, 4, EV 82.5 MPH)
Batting: RHB Laverne Hotten 0-0: Called Strike
Jesse Brownrigg steals 2nd base
0-1: Ball
1-1: Ball
2-1: Ball
3-1: Base on Balls
Batting: LHB Clark Dethwright 0-0: Ball
1-0: Ball
Wild Pitch!
Jesse Brownrigg to third
Laverne Hotten to second
2-0: Foul Ball, location: 7LSF
2-1: Ball
3-1: Fly out, F7 (Flyball, 7, EV 91.9 MPH)
Batting: RHB Bennett Carlisle 0-0: Ball
1-0: Swinging Strike
1-1: Foul Ball, location: 5SF
1-2: Strikes out swinging
Bottom of the 6th over - 0 runs, 0 hits, 1 error, 2 left on base; Tacoma 7 - Portland 0
TOP OF THE 7TH
Tacoma Larks batting - Pitching for Portland Rosebuds : RHP John Thorne
Batting: RHB Ernesto Barnes 0-0: Ball
1-0: Called Strike
1-1: Foul Ball, location: 9LMF
1-2: Ball
2-2: Ball
3-2: Foul Ball, location: 9LSF
3-2: Ground out 4-3 (Groundball, 4M, EV 81.9 MPH)
Batting: RHB Charles Thomlinson 0-0: Ball
1-0: Called Strike
1-1: Foul Ball, location: 3FF
1-2: Strikes out swinging
Batting: RHB David Fox 0-0: Ball
1-0: Called Strike
1-1: Foul Ball, location: 5FF
1-2: Ball
2-2: Fly out, F9 (Flyball, 89D, EV 98.1 MPH)
Top of the 7th over - 0 runs, 0 hits, 0 errors, 0 left on base; Tacoma 7 - Portland 0
BOTTOM OF THE 7TH
Portland Rosebuds batting - Pitching for Tacoma Larks : LHP John Nunnerley
Batting: RHB Warner Norwood 0-0: Ground out 1-3 (Groundball, P, EV 75.0 MPH)
Batting: RHB Lillian Vanner 0-0: Called Strike
0-1: Ball
1-1: Fly out, F9 (Flyball, 9LD, EV 90.0 MPH)
Batting: RHB Samuel Kirkup 0-0: Called Strike
0-1: Ball
1-1: Ball
2-1: Ball
3-1: Swinging Strike
3-2: Base on Balls
Batting: SHB Loy Pauling 0-0: Called Strike
0-1: Ground out 6-3 (Groundball, 56, EV 100.6 MPH)
Bottom of the 7th over - 0 runs, 0 hits, 0 errors, 1 left on base; Tacoma 7 - Portland 0
TOP OF THE 8TH
Tacoma Larks batting - Pitching for Portland Rosebuds : RHP John Thorne
Batting: SHB Lewis Seppey 0-0: Ground out 4-3 (Groundball, 4D, EV 110.6 MPH)
Batting: RHB Moses Snape 0-0: Ball
1-0: Foul Ball, location: 2F
1-1: Foul Ball, location: 5FF
1-2: Fly out, F7 (Flyball, 7S, EV 88.1 MPH)
Batting: RHB Buford Bonfield 0-0: Swinging Strike
0-1: Foul Ball, location: 23FF
0-2: Ball
1-2: Strikes out swinging
Top of the 8th over - 0 runs, 0 hits, 0 errors, 0 left on base; Tacoma 7 - Portland 0
BOTTOM OF THE 8TH
Portland Rosebuds batting - Pitching for Tacoma Larks : LHP John Nunnerley
Batting: RHB John Thorne 0-0: Called Strike
0-1: Ball
1-1: Swinging Strike
1-2: Fly out, F9 (Flyball, 9, EV 94.4 MPH)
Batting: SHB Jesse Brownrigg 0-0: SINGLE (Groundball, 4MD, EV 88.8 MPH) (infield hit)
Batting: RHB Laverne Hotten 0-0: Fly out, F6 (Popup, 56, EV 73.1 MPH)
Batting: LHB Clark Dethwright 0-0: Foul Ball, location: 2F
0-1: Ball
1-1: Fly out, F9 (Line Drive, 9, EV 88.8 MPH)
Bottom of the 8th over - 0 runs, 1 hit, 0 errors, 1 left on base; Tacoma 7 - Portland 0
TOP OF THE 9TH
Tacoma Larks batting - Pitching for Portland Rosebuds : RHP John Thorne
Batting: LHB Paul Shafto 0-0: Called Strike
0-1: Ball
1-1: Fly out, F3 (Popup, 3SF, EV 75.0 MPH)
Batting: LHB John Nunnerley 0-0: Ground out 1-3 (Groundball, 15S, EV 67.5 MPH)
Batting: RHB James Kent 0-0: Swinging Strike
0-1: Ball
1-1: Called Strike
1-2: Fly out, F8 (Line Drive, 8RS, EV 94.4 MPH)
Top of the 9th over - 0 runs, 0 hits, 0 errors, 0 left on base; Tacoma 7 - Portland 0
BOTTOM OF THE 9TH
Portland Rosebuds batting - Pitching for Tacoma Larks : LHP John Nunnerley
Batting: RHB Bennett Carlisle 0-0: Ball
1-0: Ball
2-0: Ground out 6-3 (Groundball, 6, EV 82.5 MPH)
Batting: RHB Warner Norwood 0-0: Ball
1-0: Ball
2-0: Foul Ball, location: 2F
2-1: Foul Ball, location: 3SF
2-2: SINGLE (Line Drive, 5D, EV 96.9 MPH)
Pitching: RHP Henry Day
Batting: RHB Lillian Vanner 0-0: Ball
1-0: Ball
2-0: Called Strike
2-1: Ball
3-1: Grounds into double play, 4-6-3 (Groundball, 4, EV 108.8 MPH)
Bottom of the 9th over - 0 runs, 1 hit, 0 errors, 0 left on base; Tacoma 7 - Portland 0
Tuesday, November 12th , 2024 - OOTP Baseball 25.10 Build 95